 Dungeon Crawl Stone Soup version 0.31-a0-654-gbe3e110b4e (webtiles) character file.

Game seed: 12245727599991783530

8155 IdlyInterested the Cleaver (level 11, -13/79 HPs)
             Began as a Demonspawn Gladiator on Aug 25, 2023.
             Was a Priest of Trog.
             Mangled by a boulder beetle (30 damage)
             ... on level 11 of the Dungeon on Aug 29, 2023.
             The game lasted 00:37:33 (10301 turns).

IdlyInterested the Cleaver (Demonspawn Gladiator)  Turns: 10301, Time: 00:37:33

Health: -13/79     AC: 28    Str: 27    XL:     11   Next: 6%
Magic:  11/11      EV:  7    Int:  5    God:    Trog [***...]
Gold:   411        SH:  8    Dex: 15    Spells: 10/10 levels left

rFire   . . .        a - +0 war axe
rCold   + . .        I - +0 kite shield
rNeg    . . .        V - +5 plate armour of Dim Light {rC+ Str+3 Int-5}
rPois   .            K - +0 helmet
rElec   .            z - +0 cloak
rCorr   .            (no gloves)
SInv    .            (no boots)
Will    +++..        O - amulet of regeneration Stlth
                     f - ring of willpower
HPRegen 2.13/turn    j - +6 ring of strength
MPRegen 0.12/turn

%: no passive effects
@: mighty, marked, strong-willed, sanguine armoured, on berserk cooldown,
regenerating, slowed, very slow
A: ignite blood 2, powered by pain 1, sanguine armour 2, weakness stinger 2
a: Renounce Religion, Berserk, Trog's Hand


You were on level 11 of the Dungeon.
You worshipped Trog.
Trog was most pleased with you.
You visited 2 branches of the dungeon, and saw 12 of its levels.
You also visited: Sewer.

You collected 673 gold pieces.
You spent 262 gold pieces at shops.

Inventory:

Hand Weapons
 a - a +0 war axe (weapon)
 C - a +2 heavy war axe
 F - a +0 war axe
 P - a +2 heavy trident
 T - a +2 trident of venom
 U - a +3 morningstar
 W - a -1 executioner's axe
 X - a +0 battleaxe
Missiles
 d - 4 throwing nets
 e - 5 javelins
 g - 29 stones (quivered)
 q - 9 atropa-tipped darts
 u - 5 datura-tipped darts
 v - 2 darts of dispersal
 y - 12 poisoned darts
 B - 5 curare-tipped darts
 N - 6 boomerangs
Armour
 z - a +0 cloak (worn)
 I - a +0 kite shield (worn)
 K - a +0 helmet (worn)
 V - the +5 plate armour of Dim Light (worn) {rC+ Str+3 Int-5}
   (You found it on level 8 of the Dungeon)

   Str+3:     It affects your strength (+3).
   Int-5:     It affects your intelligence (-5).
   rC+:       It protects you from cold.
 Y - a +0 buckler
Jewellery
 f - a ring of willpower (left hand)
 h - a ring of see invisible
 j - a +6 ring of strength (right hand)
 l - a +5 ring of evasion
 s - a ring of ice
 L - a ring of fire
 O - an amulet of regeneration (around neck)
 Q - a +4 ring of protection
 R - an amulet of magic regeneration
Talismans
 H - a dragon-blood talisman
Wands
 D - a wand of roots (5)
 S - a wand of polymorph (9)
Scrolls
 b - 2 scrolls of butterflies
 k - 2 scrolls of teleportation
 m - a scroll of fear
 p - 2 scrolls of immolation
 r - a scroll of vulnerability
 t - a scroll of revelation
 w - 3 scrolls of fog
 A - 2 scrolls of enchant weapon
 E - 3 scrolls of silence
Potions
 c - 2 potions of ambrosia
 i - 2 potions of enlightenment
 n - a potion of haste
 x - a potion of mutation
 G - a potion of cancellation
 J - 2 potions of lignification
 M - 2 potions of curing
 Z - a potion of magic


   Skills:
 + Level 5.1 Fighting
 * Level 13.2 Axes
 - Level 5.0 Throwing
 - Level 5.0 Armour
 - Level 2.6 Dodging
 - Level 1.0 Stealth
 - Level 2.0 Shields
 - Level 1.0 Evocations
 - Level 1.0 Shapeshifting


You had 10 spell levels left.
You didn't know any spells.
Your spell library contained the following spells:

 Spells                   Type           Power      Damage    Failure   Level
 Call Canine Familiar     Summ           0%         N/A       100%        3
 Portal Projectile        Hex/Tloc       0%         N/A       100%        3
 Leda's Liquefaction      Hex/Erth       0%         N/A       100%        4
 Vhi's Electric Charge    Tloc/Air       0%         N/A       100%        4
 Arcjolt                  Conj/Air       0%         1d10      100%        5
 Plasma Beam              Fire/Air       0%         2x1d10    100%        6


Dungeon Overview and Level Annotations

Branches:
Dungeon (11/15)            Temple (1/1) D:5             Orc (0/2) D:9
  Sewer (visited)
   Lair: D:8-11

Altars:
Ashenzari
Cheibriados
Dithmenos
Fedhas
Gozag
Hepliaklqana
Kikubaaqudgha
Makhleb
Nemelex Xobeh
Okawaru
Qazlal
Ru
Sif Muna
Trog
Uskayaw
Vehumet
Wu Jian
Xom
Yredelemnul

Shops:
D:3 ?   D:4 :   D:9 *

Portals:
Trove: D:10 (give +2 shadow dragon scales)


Innate Abilities, Weirdness & Mutations

Your demonic aura often causes spilled blood to erupt in flames.
You sometimes gain a little power by taking damage.
When seriously injured, your blood forms thick armour. (AC +9)
You have a tail ending in a sharp stinger.


Message History

Training target 5.0 for Armour reached!
Your Armour skill increases to level 5!
You have reached level 11!
Your demonic ancestry asserts itself...
Your tail grows a sharp stinger.
The polar bear bites you.
* * * LOW HITPOINT WARNING * * *
The polar bear claws you but does no damage.
You block the polar bear's attack.
The boulder beetle curls into a ball and begins rolling!
The yak is engulfed in blazing flames.
You see here a +0 long sword.
You hit the yak.
You tail-slap the yak, but do no damage.
The yak is almost dead.
You slash the polar bear!
The yak is engulfed in blazing flames.
You kill the yak!
Trog accepts your kill.
A troll comes into view.
The polar bear bites you.
* * * LOW HITPOINT WARNING * * *
You block the polar bear's attack. The polar bear barely misses you.
You slash the polar bear!
The polar bear is heavily wounded.
You slice the polar bear!!
The polar bear is almost dead.
The polar bear is engulfed in blazing flames.
You kill the polar bear!
Trog accepts your kill.
The boulder beetle is engulfed in blazing flames.
The yak is engulfed in blazing flames.
You hit the boulder beetle.
The boulder beetle is moderately wounded.
You barely miss the yak.
You are no longer berserk.
You are exhausted.
You feel yourself slow down.
The boulder beetle is engulfed in blazing flames.
The boulder beetle hits you!!
You die...

~~~~~P~..........#
~P~~~~...........#
~~~♣♣.......T<...#
#...............#
...............#
...............#
..........O.☼○°#
.........Y°YBY#
############@# #○#
..# ...# #####


You could see a boulder beetle (rolling), a two-headed ogre, 2 yaks, a troll and
an ice beast.

Vanquished Creatures
  A two-headed ogre (D:10)
  A deep elf pyromancer (D:11)
  An unseen horror (D:11)
  A rime drake (D:11)
  A kobold demonologist (D:11)
  A polar bear (D:11)
  A troll (D:10)
  A wraith (D:9)
  A water elemental (D:11)
  Sigmund (D:4)
  10 yaks
  3 water moccasins
  Pargi (Sewer)
  3 orc warriors
  An ice beast (D:8)
  3 wolves (D:11)
  An ogre (D:6)
  5 centaurs
  3 phantoms
  2 bullfrogs
  4 gnoll sergeants
  A scorpion (D:4)
  5 wights (D:8)
  8 killer bees
  5 howler monkeys
  3 electric eels (D:11)
  4 hounds
  Crazy Yiuf (D:7)
  3 gnoll boudas
  2 orc priests
  2 jellies
  2 iguanas
  9 orc wizards
  26 gnolls
  A river rat (D:3)
  8 adders
  A shadow imp (D:6)
  3 white imps
  An ufetubus (D:5)
  2 worms (D:3)
  2 dart slugs
  32 orcs
  7 endoplasms
  A giant cockroach (D:3)
  6 goblins
  4 hobgoblins
  4 jackals (D:1)
  2 quokkas
  7 ball pythons
  8 bats
  6 frilled lizards
  6 kobolds
  10 rats
228 creatures vanquished.

Notes
Turn   | Place    | Note
-------+----------+-------------------------------------------
     0 | D:1      | IdlyInterested the Demonspawn Gladiator began the quest for
                  | the Orb.
     0 | D:1      | Reached XP level 1. HP: 16/16 MP: 1/1
   209 | D:1      | Reached skill level 1 in Armour
   214 | D:1      | Gained mutation: When seriously injured, your blood forms
                  | armour. (AC +9) [demonic ancestry]
   214 | D:1      | Reached XP level 2. HP: 15/22 MP: 2/2
   286 | D:1      | Reached skill level 3 in Axes
   450 | D:1      | Reached skill level 1 in Stealth
  1026 | D:2      | Gained mutation: You have a small tail. [demonic ancestry]
  1026 | D:2      | Reached XP level 3. HP: 27/27 MP: 3/3
  1141 | D:2      | Reached skill level 1 in Evocations
  1523 | D:3      | Found Taneepyl's Magic Scroll Shoppe.
  1675 | D:3      | Gained mutation: You sometimes gain a little power by
                  | taking damage. [demonic ancestry]
  1675 | D:3      | Reached XP level 4. HP: 29/33 MP: 4/4
  1762 | D:3      | Found a glowing drain.
  1785 | Sewer    | Entered a sewer
  1903 | Sewer    | Noticed Pargi
  1920 | Sewer    | Killed Pargi
  1921 | Sewer    | Reached skill level 4 in Axes
  1921 | Sewer    | Reached XP level 5. HP: 9/41 MP: 5/5
  2808 | D:3      | Bought a scroll of enchant weapon for 82 gold pieces
  2808 | D:3      | Bought a scroll of amnesia for 44 gold pieces
  2808 | D:3      | Bought a scroll of identify for 22 gold pieces
  2894 | D:4      | Noticed a phantom
  2909 | D:4      | Killed a phantom
  2910 | D:4      | Reached skill level 5 in Axes
  2910 | D:4      | Gained mutation: Your demonic aura sometimes causes spilled
                  | blood to erupt in flames. [demonic ancestry]
  2910 | D:4      | Reached XP level 6. HP: 32/47 MP: 6/6
  3007 | D:3      | Bought a scroll of identify for 22 gold pieces
  3347 | D:4      | Found Umiutruq's Self-Published Books.
  3437 | D:4      | Identified the +2 ring mail of Ashenzari's Esteem {rC+
                  | Int+2}
  3591 | D:4      | Noticed Sigmund
  3607 | D:4      | Killed Sigmund
  3608 | D:4      | Reached skill level 6 in Axes
  3608 | D:4      | Reached XP level 7. HP: 22/52 MP: 7/7
  3833 | D:4      | You fall into a shaft and drop 1 floor!
  3833 | D:5      | Entered Level 5 of the Dungeon
  4198 | D:3      | Bought a scroll of identify for 22 gold pieces
  4663 | D:5      | Reached skill level 7 in Axes
  4989 | D:5      | Identified the +0 ring mail of Ziym Mus {Str+2}
  5037 | D:5      | Found a staircase to the Ecumenical Temple.
  5046 | Temple   | Entered the Ecumenical Temple
  5057 | Temple   | Became a worshipper of Trog the Wrathful
  5771 | D:6      | Found a sacrificial altar of Ru.
  5777 | D:6      | Reached skill level 1 in Shields
  5778 | D:6      | Reached XP level 8. HP: 27/58 MP: 8/8
  6106 | D:6      | Reached skill level 8 in Axes
  6112 | D:6      | Reached * piety under Trog
  6791 | D:7      | Reached skill level 9 in Axes
  6832 | D:7      | Gained mutation: Your demonic aura often causes spilled
                  | blood to erupt in flames. [demonic ancestry]
  6832 | D:7      | Reached XP level 9. HP: 15/65 MP: 9/9
  7101 | D:7      | Found a runed translucent door.
  7102 | D:7      | Noticed Crazy Yiuf
  7109 | D:7      | Killed Crazy Yiuf
  7238 | D:7      | Upgraded the game from 0.31-a0-632-g766dd24fdf to
                  | 0.31-a0-654-gbe3e110b4e
  7382 | D:8      | Reached ** piety under Trog
  7828 | D:8      | Reached skill level 10 in Axes
  7938 | D:8      | Identified the +5 plate armour of Dim Light {rC+ Str+3
                  | Int-5}
  8008 | D:8      | Found a shimmering blue altar of Sif Muna.
  8407 | D:9      | Found a staircase to the Orcish Mines.
  8448 | D:9      | Reached skill level 1 in Shapeshifting
  8450 | D:9      | Reached skill level 11 in Axes
  8539 | D:9      | Found an opulent altar of Gozag.
  8582 | D:9      | Gained mutation: When seriously injured, your blood forms
                  | thick armour. (AC +9) [demonic ancestry]
  8582 | D:9      | Reached XP level 10. HP: 68/73 MP: 10/10
  8659 | D:9      | Found Pych's Lightly-Used Armoury.
  8992 | D:9      | Reached skill level 5 in Fighting
  9154 | D:9      | Bought a -1 executioner's axe for 70 gold pieces
  9181 | D:10     | Entered Level 10 of the Dungeon
  9345 | D:10     | Reached *** piety under Trog
  9367 | D:10     | Reached skill level 12 in Axes
  9652 | D:10     | Noticed a two-headed ogre
  9665 | D:10     | Killed a two-headed ogre
  9666 | D:10     | Reached skill level 5 in Throwing
 10132 | D:10     | Found a portal to a secret trove of treasure.
 10265 | D:11     | Noticed a deep elf pyromancer
 10286 | D:11     | Noticed a boulder beetle
 10293 | D:11     | Reached skill level 13 in Axes
 10295 | D:11     | Noticed a two-headed ogre
 10296 | D:11     | Killed a deep elf pyromancer
 10297 | D:11     | Reached skill level 5 in Armour
 10297 | D:11     | Gained mutation: You have a tail ending in a sharp stinger.
                  | [demonic ancestry]
 10297 | D:11     | Reached XP level 11. HP: 20/79 MP: 11/11
 10301 | D:11     | Mangled by a boulder beetle

Illustrated notes

Levels and vault maps discovered:
D:1:      evilmike_arrival_rings, layout_loops_ring
D:2:      layout_basic
D:3:      minmay_inner_zag, layout_basic, portal_sewer_entry_e, serial_shops,
          nicolae_diamond_shop, ebering_dispersal_statue_hall
D:4:      layout_loops_corners, minmay_misc_feat_chi, nicolae_custom_books,
          kennysheep_generic_room_8, uniq_sigmund
D:5:      layout_basic, temple_pool_b, serial_curves, eino_curves_01,
          eino_curves_01
D:6:      layout_rooms, hangedman_ru_absence
D:7:      layout_basic, uniq_crazy_yiuf_cottage
D:8:      nicolae_cairo_tiling_very_big, layout_basic,
          mainiacjoe_overflow_brackets
D:9:      layout_gridville, nicolae_gozag_seed_capital, orc_0_dummy,
          minmay_shop_damaged
D:10:     layout_stronghold, kennysheep_little_box, nicolae_trove_entry_crystal,
          st_stairs_5
D:11:     layout_long_grid, hellmonk_lair_entry_icy, serial_shops, shop,
          serial_bayou_lagoon_b
Temple:   hc_temple_tempest_star

Skill      XL: |  1  2  3  4  5  6  7  8  9 10 |
---------------+-------------------------------+-----
Armour         | 1 2 3 4 5 |  5.0
Axes           | 3 4 5 6 7 9 11 13 | 13.2
Stealth        | 1 |  1.0
Evocations     | 1 |  1.0
Fighting       | 3 4 5 |  5.1
Throwing       | 3 4 5 |  5.0
Shields        | 1 2 |  2.0
Shapeshifting  | 1 |  1.0
Dodging        | |  2.6

Action                     |  1- 3 |  4- 6 |  7- 9 | 10-12 || total
---------------------------+-------+-------+-------+-------++-------
  Melee: War axe           |    80 |   138 |   277 |   137 ||   632
         Tailslap          |     4 |    17 |    37 |    13 ||    71
         Punch             |     2 |     1 |       |       ||     3
  Throw: Stone             |     1 |    18 |    28 |     9 ||    56
         Dart              |       |       |     1 |     1 ||     2
         Javelin           |       |       |       |     1 ||     1
 Invoke: Berserk           |       |       |       |     1 ||     1
         Trog's Hand       |       |       |       |     1 ||     1
    Use: Scroll            |     7 |     8 |     4 |     2 ||    21
         Potion            |       |     1 |     1 |     1 ||     3
   Stab: Sleeping          |     1 |       |       |       ||     1
         Distracted        |       |       |     1 |       ||     1
 Armour: Leather armour    |    12 |       |       |       ||    12
         Chain mail        |    30 |    91 |       |       ||   121
         Ring mail         |       |     4 |    54 |       ||    58
         Plate armour      |       |       |    20 |   115 ||   135
  Dodge: Dodged            |    43 |    73 |   194 |    56 ||   366
  Block: Kite shield       |       |       |   115 |    62 ||   177

Table legend: (Time is in decaauts)
 A = Elapsed time spent in this place.
 B = Non-inter-level travel time spent in this place.
 C = Inter-level travel time spent in this place.
 D = Time resting spent in this place.
 E = Time spent auto-exploring this place.
 F = Levels seen in this place.
 G = Mean time per level.
                   A        B        C        D        E       F      G
               +--------+--------+--------+--------+--------+-----+--------+
         Total |  10467 |   8969 |   1498 |    566 |   5984 |  13 |  805.2 |
       Dungeon |  10040 |   8560 |   1480 |    408 |   5862 |  11 |  912.7 |
        Temple |     20 |      2 |     18 |      0 |      0 |   1 |   20.0 |
         Sewer |    406 |    406 |      0 |    158 |    122 |   1 |  406.0 |
               +--------+--------+--------+--------+--------+-----+--------+

Top non-repeatable levels by time:
     D:5: 1330 daAuts
     D:4: 1282 daAuts
     D:3: 1122 daAuts
    D:10: 1061 daAuts
     D:8: 1008 daAuts
     D:1: 985 daAuts
     D:7: 895 daAuts
     D:9: 886 daAuts
     D:6: 801 daAuts
     D:2: 619 daAuts
   Sewer: 406 daAuts
    D:11: 48 daAuts
  Temple: 20 daAuts
